 Dungeon Crawl Stone Soup version 0.29-a0-397-g846e4a0bbc (webtiles) character file.

Game seed: 11307768503434904478

106859 Faeu the Severer (level 15, 0/163 HPs)
             Began as a Minotaur Berserker on May 10, 2022.
             Was a High Priest of Trog.
             Killed from afar by Nikola (29 damage)
             ... with an arc of chain lightning
             ... on level 3 of the Swamp on May 11, 2022.
             The game lasted 04:28:58 (34597 turns).

Faeu the Severer (Minotaur Berserker)              Turns: 34597, Time: 04:29:00

Health: 0/163      AC: 37    Str: 33    XL:     15   Next: 98%
Magic:  14/14      EV: 10    Int:  7    God:    Trog [*****.]
Gold:   2597       SH:  5    Dex: 11    Spells: 14/14 levels left

rFire   . . .      SeeInvis .   u - +8 great sword of the Sky {freeze, rElec Str+5 Int+3 Stlth-}
rCold   + . .      Faith    .   (shield currently unavailable)
rNeg    . . .      Spirit   .   n - +0 crystal plate armour
rPois   +          Reflect  +   (helmet restricted)
rElec   +          Harm     .   W - +0 cloak {rCorr}
rCorr   +          Rampage  .   m - +2 pair of gloves
Will    +....                   w - +1 pair of boots {Stlth+}
Stlth   ..........              j - amulet of reflection
HPRegen 0.37/turn               d - +4 ring of protection
MPRegen 0.14/turn               R - ring of protection from cold

@: no status effects
A: horns 2, retaliatory headbutt, poison resistance, robust 1, no potion heal 1
a: Renounce Religion, Berserk, Trog's Hand, Brothers in Arms


You were on level 3 of the Swamp.
You worshipped Trog.
Trog was extremely pleased with you.
You visited 6 branches of the dungeon, and saw 26 of its levels.
You also visited: Sewer.

You collected 2769 gold pieces.
You spent 172 gold pieces at shops.

Inventory:

Hand Weapons
 a - the +7 battleaxe "Zeulecad" {flame, SInv}
   (Trog gifted it to you on level 2 of the Orcish Mines)

   It burns those it strikes, dealing additional fire damage.
   Big, fiery blades are also staple armaments of hydra-hunters.
   SInv:      It lets you see invisible.
 b - a +4 great sword of flaming
 r - the +4 great mace of Courage {flame, Str-4 Int+3 SInv}
   (You found it on level 3 of the Lair of Beasts)

   It burns those it strikes, dealing additional fire damage.
   Str:       It affects your strength (-4).
   Int:       It affects your intelligence (+3).
   SInv:      It lets you see invisible.
 u - the +8 great sword of the Sky (weapon) {freeze, rElec Str+5 Int+3 Stlth-}
   (You found it on level 1 of the Spider Nest)

   It freezes those it strikes, dealing additional cold damage.
   It can also slow down cold-blooded creatures.
   Str:       It affects your strength (+5).
   Int:       It affects your intelligence (+3).
   rElec:     It insulates you from electricity.
   Stlth:     It makes you less stealthy.
 v - a +0 antimagic war axe
 U - a +3 war axe
Missiles
 q - 6 javelins
 I - 4 curare-tipped darts (quivered)
 O - 22 poisoned darts
 Z - 3 boomerangs of dispersal
Armour
 f - a +2 kite shield
 m - a +2 pair of gloves (worn)
 n - a +0 crystal plate armour (worn)
 w - a +1 pair of boots of stealth (worn)
 N - a +0 kite shield of reflection
 W - a +0 cloak of preservation (worn)
Jewellery
 d - a +4 ring of protection (left hand)
 e - a ring of protection from cold
 j - an amulet of reflection (around neck)
 K - a +6 ring of intelligence
 R - a ring of protection from cold (right hand)
Wands
 i - a wand of paralysis (13)
 p - a wand of charming (5)
 B - a wand of iceblast (23)
 G - a wand of flame (30)
 V - a wand of polymorph (9)
 Y - a wand of mindburst (6)
Scrolls
 g - 4 scrolls of fear
 l - 6 scrolls of immolation
 o - 4 scrolls of brand weapon
 t - 4 scrolls of teleportation
 y - 6 scrolls of vulnerability
 z - 8 scrolls of enchant weapon
 A - 4 scrolls of fog
 D - 3 scrolls of magic mapping
 E - a scroll of summoning
 M - 2 scrolls of enchant armour
 S - 2 scrolls of silence
 T - 2 scrolls of poison
Potions
 c - 5 potions of lignification
 h - a potion of haste {unknown}
 k - 2 potions of mutation
 s - 3 potions of might
 x - 2 potions of resistance {unknown}
 C - 9 potions of flight
 F - 3 potions of invisibility
 H - 2 potions of heal wounds
 J - 2 potions of attraction {unknown}
 L - 2 potions of cancellation {unknown}
 P - 7 potions of curing
 X - a potion of berserk rage {unknown}
Miscellaneous
 Q - a box of beasts


   Skills:
 + Level 18.2 Fighting
 + Level 19.0 Axes
 + Level 18.0 Armour
 - Level 9.9 Dodging
 - Level 4.7 Stealth
 - Level 4.2 Shields
 - Level 4.8 Evocations


You had 14 spell levels left.
You didn't know any spells.
Your spell library contained the following spells:

 Spells                   Type           Power      Damage    Failure   Level
 Ensorcelled Hibernation  Hex/Ice        0%         N/A       100%        2
 Passwall                 Tmut/Erth      0%         N/A       100%        2
 Confusing Touch          Hex            0%         N/A       100%        3
 Swiftness                Air            0%         N/A       100%        3
 Yara's Violent Unravell  Hex/Tmut       0%         3d3       100%        5
 Enfeeble                 Hex            0%         N/A       100%        7


Dungeon Overview and Level Annotations

Branches:
Dungeon (12/15)            Temple (0/1) D:4            Lair (6/6) D:11
  Swamp (3/4) Lair:3       Spider (2/4) Lair:3        Slime (0/5) Lair:5
    Orc (2/2) D:9             Elf (1/3) Orc:2         Sewer (visited)

Altars:
Dithmenos
Okawaru
Sif Muna
Zin
The Shining One
Beogh
Jiyva

Shops:
D:2 :   D:5 *   D:9 *[(   Orc:1 [   Orc:2 :!!:

Annotations:
Lair:1 3 runed translucent doors, Tiluts's ghost, journeyman DDFi
Lair:6 2 runed translucent doors
Swamp:3 Nikola
Spider:2 Arachne


Innate Abilities, Weirdness & Mutations

You have a pair of horns on your head.
You reflexively headbutt those who attack you in melee.
Your system is resistant to poisons. (rPois)
You are robust. (+10% HP)
Potions are less effective at restoring your health.


Message History

The bunyip is severely wounded.
The will-o-the-wisp gestures.
The will-o-the-wisp conjures some foxfire! 2 foxfires come into view.
You slash the bunyip! You freeze the bunyip.
The bunyip is almost dead.
The foxfire hits you but does no damage.
The foxfire hits you. The bunyip barely misses you.
You block the bunyip's attack. The bunyip barely misses you.
The will-o-the-wisp completely misses you.
Nikola gestures wildly while chanting.
Lightning arcs from Nikola's hands!
The bolt of lightning hits you!! You resist.
* * * LOW HITPOINT WARNING * * *
A bolt of lightning appears from out of thin air!
The bolt of lightning hits the bunyip!!!
The bunyip dies!
The bolt of lightning hits the will-o-the-wisp!!
The will-o-the-wisp resists.
The bolt of lightning hits Nikola!
The will-o-the-wisp barely misses you.
You hear a hideous shriek!
You hear a roar!
Your Axes skill increases to level 19!
As you read the scroll of summoning, it crumbles to dust.
Wisps of shadow whirl around you...
Something barely misses your six-headed hydra.
The will-o-the-wisp engulfs you but does no damage.
You slice Nikola!! You freeze Nikola!
Nikola is heavily wounded.
Something hits your six-headed hydra!
The will-o-the-wisp blinks!
Your eleionoma hurls a spray of splinters at Nikola.
The spray of wooden splinters hits Nikola!!
Your spriggan rider hits Nikola with a +0 spear!
Nikola casts a spell.
Lightning arcs from Nikola's hands!
The bolt of lightning hits your spriggan rider!!!
Your spriggan rider dies!
Your spriggan rider's corpse dissolves into shadows!
A bolt of lightning appears from out of thin air!
The bolt of lightning hits Nikola.
The bolt of lightning hits you!! You resist.
You die...

..~~..~~~~~0~~~
7~~~~~~.~~..~~
7>~~.~~....~7
7~.~.~0$...777
7.~~~~~~~~~[..
77$~0~~~~~~~~.~
7~~~~..0.R...7
7....%77D.7777
..~...07%@.77
.~~...77~@.7
7~77777~..~...
7 7..~~~....
77~~~~~~~.~
~.~0~~0..7
~.~~~~~.77
7.......77


You could see Nikola (distracted, ally target), a friendly eleionoma (summoned)
and a friendly six-headed hydra (summoned).

Vanquished Creatures
  Jorgrun (Spider:1)
  Asterion (Spider:1)
  A thorn hunter (Swamp:1)
  Donald (Spider:2)
  The ghost of bgiannan the Severer, a journeyman MiBe of Trog (Orc:2)
  Aizul (Swamp:2)
  2 eleionomae
  2 bunyips
  2 entropy weavers (Spider:1)
  Erolcha (D:10)
  8 hydras
  4 boulder beetles
  A ghost crab (Swamp:1)
  3 two-headed ogres
  A radroach (Spider:1)
  6 alligators
  4 orc high priests
  Urug (D:10)
  Nergalle (Lair:4)
  A deep elf knight (Elf:1)
  3 goliath frogs
  Lodul (D:10)
  2 bog bodies (Lair:3)
  2 orb spiders
  2 spriggan druids
  2 steelbarb worms (Spider:1)
  A swamp dragon (Swamp:1)
  A lindwurm (Lair:6)
  5 orc knights
  A deep elf pyromancer (Elf:1)
  4 orc sorcerers (Orc:2)
  5 wolf spiders (Spider:1)
  A deep elf zephyrmancer (Elf:1)
  2 will-o-the-wisps
  An ugly thing (D:11)
  2 cyclopes
  2 moths of wrath (Spider:1)
  26 elephants
  Maurice (Orc:2)
  5 black mambas
  3 molten gargoyles
  4 torpor snails (Spider:1)
  16 cane toads
  An unseen horror (D:11)
  3 demonic crawlers
  5 rime drakes
  14 komodo dragons
  3 meliai (Spider:2)
  4 tyrant leeches
  3 polar bears
  8 hornets
  6 trolls
  11 blink frogs
  A queen bee (Lair:3)
  2 tarantellas
  3 jumping spiders (Spider:1)
  5 culicivoras (Spider:1)
  14 spriggans
  2 shadows
  A wraith (D:10)
  39 yaks
  Grum (D:10)
  11 basilisks
  8 wyverns
  4 steam dragons
  7 redbacks
  3 vampire mosquitoes (D:11)
  7 swamp worms
  2 acid dragons
  4 wargs
  11 water moccasins
  4 black bears
  A swamp drake (Swamp:2)
  3 hell hounds (Lair:6)
  2 sky beasts
  3 ice beasts
  26 orc warriors
  16 ogres
  6 centaurs
  19 wolves
  A phantom (D:5)
  A kobold brigand (D:9)
  16 bullfrogs
  A necrophage (D:6)
  A scorpion (D:4)
  14 wights
  50 killer bees
  2 electric eels (Lair:3)
  5 lava snakes (Lair:6)
  6 jellies
  2 gnoll shamans (D:6)
  4 hounds
  17 orc priests
  5 iguanas
  27 orc wizards
  8 gnolls
  16 adders
  A shadow imp (D:6)
  2 white imps (D:6)
  2 ufetubi (D:6)
  2 worms
  A dart slug (D:2)
  83 orcs
  4 bats
  9 endoplasms
  19 giant cockroaches
  4 goblins
  3 hobgoblins
  6 kobolds
  12 quokkas
  15 ball pythons
  7 frilled lizards
  3 rats
  4 briar patches (Swamp:1)
751 creatures vanquished.

Vanquished Creatures (collateral kills)
  A spark wasp (Spider:1)
  A pharaoh ant (Spider:1)
  A jumping spider (Spider:1)
3 creatures vanquished.

Vanquished Creatures (others)
  A bunyip (Swamp:3)
  3 bloated husks
  2 vampire mosquitoes (Swamp:3)
  A bush (Lair:5)
  13 foxfires
  59 fungi
  79 plants
158 creatures vanquished.

Grand Total: 912 creatures vanquished

Notes
Turn   | Place    | Note
-------+----------+-------------------------------------------
     0 | D:1      | Faeu the Minotaur Berserker began the quest for the Orb.
     0 | D:1      | Reached XP level 1. HP: 19/19 MP: 0/0
   120 | D:1      | Reached XP level 2. HP: 27/27 MP: 1/1
   398 | D:1      | You fall into a shaft and drop 1 floor!
   398 | D:2      | Found Gumep's Book Shop.
   619 | D:2      | Reached skill level 4 in Axes
   619 | D:2      | Reached XP level 3. HP: 16/33 MP: 2/2
  1453 | D:3      | Noticed a black bear
  1460 | D:3      | Killed a black bear
  1461 | D:3      | Reached XP level 4. HP: 41/41 MP: 3/3
  1461 | D:3      | Reached XP level 5. HP: 47/47 MP: 4/4
  1531 | D:3      | Reached ** piety under Trog
  1692 | D:3      | Found a faded altar of an unknown god.
  1945 | D:3      | Found an iron altar of Okawaru.
  1945 | D:3      | Found a shadowy altar of Dithmenos.
  2194 | D:3      | Reached skill level 5 in Axes
  2502 | D:4      | Reached skill level 5 in Fighting
  2503 | D:4      | Found a staircase to the Ecumenical Temple.
  2726 | D:4      | Reached XP level 6. HP: 37/56 MP: 5/5
  2933 | D:4      | Found a glowing golden altar of the Shining One.
  3089 | D:5      | Entered Level 5 of the Dungeon
  3089 | D:5      | Noticed an ice beast
  3092 | D:5      | Killed an ice beast
  3181 | D:5      | Reached skill level 5 in Armour
  3181 | D:5      | Reached XP level 7. HP: 62/62 MP: 6/6
  3213 | D:5      | Found Keawois's General Store.
  3248 | D:5      | Reached skill level 6 in Axes
  3265 | D:5      | Reached skill level 5 in Dodging
  3438 | D:5      | Found a glowing drain.
  3442 | Sewer    | Entered a sewer
  3662 | Sewer    | Reached *** piety under Trog
  3765 | Sewer    | Reached XP level 8. HP: 71/71 MP: 7/7
  4610 | D:6      | Reached skill level 7 in Axes
  5517 | D:6      | Reached **** piety under Trog
  5788 | D:6      | Reached skill level 8 in Axes
  5788 | D:6      | Reached XP level 9. HP: 75/81 MP: 8/8
  6884 | D:7      | Found a shimmering blue altar of Sif Muna.
  7400 | D:8      | Reached skill level 9 in Axes
  8151 | D:8      | Reached XP level 10. HP: 82/91 MP: 9/9
  8731 | D:9      | Noticed a cyclops
  8761 | D:9      | Killed a cyclops
  8762 | D:9      | Reached skill level 10 in Fighting
  8762 | D:9      | Reached skill level 10 in Axes
  8786 | D:9      | Found Siffoen's Weapon Emporium.
  8788 | D:9      | Found a staircase to the Orcish Mines.
  8789 | D:9      | Found Niuck's Armour Emporium.
  9000 | D:8      | Reached skill level 10 in Armour
  9609 | D:9      | Reached skill level 11 in Axes
  9706 | D:9      | Found Taluata's Overcharged Wands.
  9732 | D:9      | Reached ***** piety under Trog
 10074 | D:10     | Entered Level 10 of the Dungeon
 10124 | D:10     | Noticed Urug
 10135 | D:10     | Killed Urug
 10199 | D:10     | Noticed Erolcha
 10210 | D:10     | Killed Erolcha
 10211 | D:10     | Reached XP level 11. HP: 102/102 MP: 10/10
 10214 | D:10     | Noticed a two-headed ogre
 10220 | D:10     | Killed a two-headed ogre
 10321 | D:10     | Found a glowing silver altar of Zin.
 10321 | D:10     | Noticed an angel
 10440 | D:10     | Noticed Lodul
 10507 | D:10     | Noticed Grum
 10529 | D:10     | Killed Grum
 10552 | D:10     | Reached skill level 12 in Axes
 10644 | D:10     | Killed Lodul
 11206 | D:11     | Found a staircase to the Lair.
 11585 | D:11     | Reached skill level 13 in Axes
 11797 | D:11     | Noticed a boulder beetle
 11828 | D:11     | Noticed a boulder beetle
 11829 | D:11     | Killed a boulder beetle
 12313 | D:11     | Killed a boulder beetle
 12471 | D:11     | Gained mutation: Your system is resistant to poisons.
                  | (rPois) [potion of mutation]
 12471 | D:11     | Gained mutation: Potions are less effective at restoring
                  | your health. [potion of mutation]
 12471 | D:11     | Gained mutation: You are robust. (+10% HP) [potion of
                  | mutation]
 12582 | D:11     | Reached skill level 14 in Axes
 12910 | D:11     | Noticed a two-headed ogre
 12925 | D:11     | Killed a two-headed ogre
 13041 | Orc:1    | Entered Level 1 of the Orcish Mines
 13071 | D:9      | Upgraded the game from 0.29-a0-393-g47a863cc1b to
                  | 0.29-a0-397-g846e4a0bbc
 13232 | D:12     | Noticed a two-headed ogre
 13239 | D:12     | Killed a two-headed ogre
 13240 | D:12     | Reached XP level 12. HP: 124/124 MP: 11/11
 13978 | D:9      | Reached skill level 15 in Axes
 14539 | Orc:1    | Found Qunk's Armour Boutique.
 14884 | Orc:2    | Entered Level 2 of the Orcish Mines
 15100 | Lair:1   | Entered Level 1 of the Lair of Beasts
 15132 | Lair:1   | Reached skill level 1 in Stealth
 15404 | Lair:1   | Found a runed translucent gate.
 15405 | Lair:1   | Found a runed translucent gate.
 15407 | Lair:1   | Found a runed translucent gate.
 15407 | Lair:1   | Noticed a nine-headed hydra
 15407 | Lair:1   | Noticed Tiluts's ghost (journeyman DDFi)
 15407 | Lair:1   | Noticed a ten-headed hydra
 15626 | Lair:1   | Received a gift from Trog
 15684 | Lair:1   | Reached skill level 16 in Axes
 15705 | Lair:1   | Reached skill level 1 in Shields
 16076 | Lair:2   | Noticed a boulder beetle
 16127 | Lair:2   | Killed a boulder beetle
 17238 | Lair:3   | Found a staircase to the Swamp.
 17526 | Lair:3   | Found a hole to the Spider Nest.
 17643 | Lair:3   | Reached XP level 13. HP: 126/130 MP: 12/12
 17652 | Lair:3   | Identified the +4 great mace of Courage {flame, Str-4 Int+3
                  | SInv}
 17919 | Lair:3   | Reached skill level 17 in Axes
 19877 | Lair:4   | Noticed Nergalle
 19894 | Lair:4   | Killed Nergalle
 19947 | Lair:4   | Received a gift from Trog
 20669 | Lair:5   | Found a viscous altar of Jiyva.
 20669 | Lair:5   | Found a staircase to the Slime Pits.
 20782 | Lair:5   | Reached skill level 18 in Axes
 21322 | Lair:5   | Reached XP level 14. HP: 146/146 MP: 13/13
 21866 | Lair:5   | Reached skill level 15 in Fighting
 21922 | Lair:6   | Entered Level 6 of the Lair of Beasts
 22167 | Lair:6   | Reached skill level 15 in Armour
 22354 | Lair:6   | Received a gift from Trog
 23121 | Lair:6   | Found a large runed translucent door.
 23868 | Lair:6   | Found a large runed translucent door.
 24232 | Spider:1 | Entered Level 1 of the Spider Nest
 24257 | Spider:1 | Identified the +8 great sword of the Sky {freeze, rElec
                  | Str+5 Int+3 Stlth-}
 24909 | Spider:1 | Noticed Asterion
 24923 | Spider:1 | Noticed a cacodemon
 24926 | Spider:1 | Killed Asterion
 25178 | Spider:1 | Reached skill level 1 in Evocations
 25986 | Spider:1 | Noticed an emperor scorpion
 26433 | Spider:2 | Noticed Arachne
 26441 | Spider:1 | Noticed Jorgrun
 26511 | Spider:1 | Killed Jorgrun
 26512 | Spider:1 | Reached XP level 15. HP: 76/159 MP: 14/14
 26968 | Spider:2 | Noticed Donald
 26998 | Spider:2 | Killed Donald
 27485 | Orc:1    | Bought a +0 cloak of preservation for 172 gold pieces
 28257 | Orc:2    | Found a staircase to the Elven Halls.
 28285 | Orc:2    | Noticed Maurice
 28352 | Orc:2    | Killed Maurice
 28366 | Orc:2    | Found a runed translucent gate.
 28366 | Orc:2    | Found a runed translucent gate.
 28366 | Orc:2    | Found a runed translucent gate.
 28367 | Orc:2    | Noticed bgiannan's ghost (journeyman MiBe)
 30192 | Orc:2    | Identified the +7 battleaxe "Zeulecad" {flame, SInv} (Trog
                  | gifted it to you on level 2 of the Orcish Mines)
 30192 | Orc:2    | Received a gift from Trog
 30253 | Orc:2    | Found Qonnon's Book Shoppe.
 30253 | Orc:2    | Found Okkireihem's Book Shop.
 30255 | Orc:2    | Found Qozxakh's Distillery.
 30255 | Orc:2    | Found Fuewnat's Distillery.
 30680 | Orc:2    | Killed bgiannan's ghost
 30876 | Elf:1    | Entered Level 1 of the Elven Halls
 31455 | Swamp:1  | Entered Level 1 of the Swamp
 31617 | Swamp:1  | Noticed a thorn hunter
 31764 | Swamp:1  | Killed a thorn hunter
 32285 | Swamp:1  | Identified the +6 hand axe of Day {flame, Int+5}
 32364 | Swamp:1  | HP: 7/243 [goliath frog[a spriggan druid] (17)]
 33767 | Swamp:2  | Noticed Aizul
 33782 | Swamp:2  | Killed Aizul
 34560 | Swamp:3  | Noticed Nikola
 34596 | Swamp:3  | Reached skill level 19 in Axes
 34597 | Swamp:3  | Killed from afar by Nikola

Illustrated notes

Levels and vault maps discovered:
D:1:      ebering_trefoil_twist, layout_loops_cross, minmay_tree_intersection
D:2:      layout_rooms, serial_shops, shop
D:3:      layout_basic, gammafunk_temple_overflow_wave,
          ebering_ecumenical_altar_webs, minmay_misc_feat_plants,
          kennysheep_potato
D:4:      layout_basic, minmay_temple_entry_statues_fountains,
          kennysheep_flooded_box
D:5:      layout_cave_pools, serial_shops, shop, gup_sewer_entry_spiral
D:6:      hangedman_cross_stitches, layout_gridville
D:7:      layout_rooms, led_sif_book, minivault_1
D:8:      layout_loops_ring, nicolae_figureground_sparkle
D:9:      layout_irregular_city, orc_david_3, nicolae_shop_overcharged_wands
D:10:     layout_roguey, zin_angel, uniq_erolcha, uniq_grum, uniq_lodul,
          uniq_urug
D:11:     layout_basic, david_lair_generic, serial_glass, glass_columns_b,
          glass_columns_b, glass_columns_b, glass_columns_a
D:12:     layout_irregular_city, uniq_sonja
Lair:1:   layout_chaotic_city, gammafunk_ghost_hydra_chop,
          chequers_serial_rivers_marsh, chequers_serial_rivers_micro_a,
          dreamdust_mushroom_princess, nicolae_lair_lil_pond
Lair:2:   layout_cave_pods
Lair:3:   nzn_winding_woodlands_small [nzn_winding_woodlands_5x15_pockets,
          nzn_winding_woodlands_center_garden,
          nzn_winding_woodlands_5x15_cabin], layout_gridlike,
          skrybe_swamp_entry_bodies, spider_nest_entry_webs, special_room
          [special_room_bee], amcnicky_mini_pool_medium
Lair:4:   layout_roguey, uniq_nergalle
Lair:5:   layout_gridlike, slime_altar_1, grunt_megastairs_3
Lair:6:   cheibrodos_lair_end_hotspot, layout_long_grid, st_stairs_9
Swamp:1:  layout_falls_marsh, nicolae_swamp_bean_lake,
          nicolae_swamp_spriggan_camp
Swamp:2:  nicolae_swamp_tree_isthmus, layout_basic_swamp, hangedman_swamp_cone,
          swamp_pool3, uniq_aizul
Swamp:3:  layout_basic_swamp, nicolae_swamp_godswood, uniq_nikola
Spider:1: layout_spider_delve, nicolae_spider_spiderdrome, uniq_jorgrun,
          uniq_asterion
Spider:2: layout_chambers, nicolae_spider_cling_halls, uniq_arachne, uniq_donald
Orc:1:    layout_caves, serial_shops, nicolae_shop_advertising_works
          [nicolae_subvault_shop_adworks], nicolae_orc_stony_grotto
Orc:2:    grunt_orc_tribal_feast, layout_caves, basic_altar,
          ebering_ghost_rock_garden, uniq_maurice
Elf:1:    layout_loops_cross, minmay_elf_necromancy

Skill      XL: |  1  2  3  4  5  6  7  8  9 10 11 12 13 14 15 |
---------------+----------------------------------------------+-----
Fighting       | 4 5 6 7 9 11 12 14 16 18 | 18.2
Axes           | 4 5 6 8 9 11 14 16 18 19 | 19.0
Armour         | 3 4 5 6 7 9 11 12 14 16 18 | 18.0
Dodging        | 3 4 5 6 7 9 |  9.9
Stealth        | 4 |  4.7
Shields        | 4 |  4.2
Evocations     | 3 4 |  4.8

Action                   |  1- 3 |  4- 6 |  7- 9 | 10-12 | 13-15 || total
-------------------------+-------+-------+-------+-------+-------++-------
Melee: Hand axe          |    72 |    78 |   396 |   698 |  1169 ||  2413
       Headbutt          |     7 |    18 |    79 |   187 |   450 ||   741
       Punch             |     1 |       |     7 |     3 |     2 ||    13
       Trident           |       |       |    69 |    24 |       ||    93
       War axe           |       |       |       |   145 |   208 ||   353
       Great sword       |       |       |       |       |    75 ||    75
       Battleaxe         |       |       |       |       |   230 ||   230
Throw: Dart              |       |     2 |       |    24 |    14 ||    40
Invok: Berserk           |     2 |     2 |     9 |    10 |    22 ||    45
       Trog's Hand       |       |       |       |       |     2 ||     2
       Brothers in Arms  |       |       |       |       |     1 ||     1
Evoke: Wand              |       |       |       |     3 |    10 ||    13
       Box of beasts     |       |       |       |       |     2 ||     2
  Use: Scroll            |       |       |     1 |    18 |    14 ||    33
       Potion            |       |       |       |     1 |     6 ||     7
 Stab: Paralysed         |       |       |       |       |     3 ||     3
       Distracted        |       |       |       |       |     1 ||     1
Armor: Animal skin       |     6 |       |       |       |       ||     6
       Chain mail        |    19 |    27 |   213 |       |       ||   259
       Plate armour      |       |       |    94 |   392 |   870 ||  1356
       Crystal plate arm |       |       |       |       |    48 ||    48
Dodge: Dodged            |    49 |    31 |   236 |   310 |   552 ||  1178
Block: Kite shield       |       |       |       |   118 |   755 ||   873
       Reflection        |       |       |       |     1 |     1 ||     2
       Other             |       |       |       |       |   141 ||   141

Table legend: (Time is in decaauts)
 A = Elapsed time spent in this place.
 B = Non-inter-level travel time spent in this place.
 C = Inter-level travel time spent in this place.
 D = Time resting spent in this place.
 E = Time spent auto-exploring this place.
 F = Levels seen in this place.
 G = Mean time per level.
                   A        B        C        D        E       F      G
               +--------+--------+--------+--------+--------+-----+--------+
         Total |  34818 |  33164 |   1654 |   8527 |  11026 |  27 | 1289.6 |
       Dungeon |  14285 |  13541 |    744 |   3026 |   6199 |  12 | 1190.4 |
          Lair |  10821 |  10148 |    673 |   2272 |   3317 |   6 | 1803.5 |
         Swamp |   2391 |   2326 |     65 |    573 |    531 |   3 |  797.0 |
   Spider Nest |   2683 |   2683 |      0 |   1142 |    110 |   2 | 1341.5 |
  Orcish Mines |   3918 |   3749 |    169 |   1420 |    642 |   2 | 1959.0 |
   Elven Halls |     97 |     97 |      0 |      0 |      0 |   1 |   97.0 |
         Sewer |    620 |    620 |      0 |     94 |    225 |   1 |  620.0 |
               +--------+--------+--------+--------+--------+-----+--------+

Top non-repeatable levels by time:
  Lair:3: 3285 daAuts
    D:11: 2410 daAuts
Spider:1: 2142 daAuts
  Lair:6: 2107 daAuts
   Orc:1: 2030 daAuts
     D:6: 1969 daAuts
     D:9: 1896 daAuts
   Orc:2: 1888 daAuts
  Lair:5: 1666 daAuts
     D:8: 1502 daAuts
  Lair:4: 1419 daAuts
    D:10: 1398 daAuts
  Lair:2: 1293 daAuts
 Swamp:1: 1263 daAuts
 Swamp:2: 1080 daAuts
